 Dungeon Sprint DCSS version 0.16-a0-2921-g3a24241 (webtiles) character file.

16466 BluebellGnoll the Unseen (level 12, -7/51 HPs)
             Began as a Spriggan Enchanter on Dec 2, 2014.
             Was the Champion of Sif Muna.
             Mangled by a minotaur
             ... wielding a +0 long sword
              (30 damage)
             ... in the Dungeon (Sprint IX: "|||||||||||||||||||||||||||||").
             The game lasted 00:33:34 (3317 turns).

BluebellGnoll the Unseen (Spriggan Enchanter)       Turns: 3317, Time: 00:33:34

Health: -7/51      AC:  5    Str:  4      XL:     12   Next: 10%
Magic:  30/38      EV: 32    Int: 23 (24) God:    Sif Muna [******]
Gold:   274        SH:  0    Dex: 17      Spells: 11 memorised, 11 levels left

rFire  . . .     SeeInvis +     n - +2 rapier (elec)
rCold  . . .     Clarity  .     D - +2 robe {MR+}
rNeg   . . .     SustAb   .     (shield restricted)
rPois  +         Gourm    .     P - +1 hat {MR+}
rElec  .         Spirit   .     (no cloak)
rCorr  .         Warding  .     (gloves unavailable)
rMut   .         NoTele   +     (boots unavailable)
MR     ++++.                    (no amulet)
Stlth  +++++++++.               p - +3 ring of intelligence
                                Q - ring of poison resistance

@: repel missiles, very quick, incredibly resistant to hostile enchantments,
incredibly stealthy
A: unfitting armour, see invisible, herbivore 3, speed 3, slow metabolism 2
a: Channel Energy, Forget Spell, Renounce Religion


You were in the Dungeon.
You worshipped Sif Muna.
Sif Muna was exalted by your worship.
You were full.

You visited 1 branch You collected 1917 gold pieces.
You spent 1643 gold pieces at shops.

Inventory:

Hand weapons
 n - a +2 rapier of electrocution (weapon)
 E - a +0 arbalest
 T - a +3 shortbow of evasion
 W - a +0 arbalest
Missiles
 b - 20 tomahawks (quivered)
 y - 6 poisoned needles
 F - 25 bolts
 X - 9 bolts of flame
Armour
 D - a +2 robe of magic resistance (worn)
 K - a +0 robe of cold resistance
 P - a +1 hat of magic resistance (worn)
Magical staves
 m - an uncursed staff of energy
Jewellery
 o - a +2 ring of evasion
 p - a +3 ring of intelligence (right hand)
 Q - a ring of poison resistance (left hand)
 R - an uncursed ring of protection from cold
 S - an uncursed ring of protection from fire
Magical devices
 l - a wand of fire (6)
 B - a wand of slowing (28)
 M - a wand of hasting (7)
 N - a wand of fireball (3)
 O - a wand of fireball (5)
Scrolls
 i - 6 scrolls of remove curse
 j - 4 scrolls of blinking
 k - 2 scrolls of amnesia
 t - 6 scrolls of enchant armour
 u - 2 scrolls of fear
 v - 2 scrolls of recharging
 x - 6 scrolls of identify
 L - a scroll of random uselessness
 V - 2 scrolls of enchant weapon
Potions
 e - 5 potions of curing
 f - 9 potions of heal wounds
 g - a potion of invisibility
 h - 4 potions of magic
 q - 2 potions of might
 r - a potion of berserk rage
 s - 2 potions of restore abilities
 C - a potion of degeneration {unknown}
 U - a potion of agility
Books
 a - Brenner's Almanac of Curses
   (Sif Muna gifted it to you in the Dungeon)

   Spells                             Type                      Level
   a - Confusing Touch                Hexes                        2
   b - Tukima's Dance                 Hexes                        3
   c - Inner Flame                    Hexes/Fire                   3
   d - Silence                        Hexes/Air                    5
   e - Mass Confusion                 Hexes                        6
 c - a book of Maledictions

   Spells                             Type                      Level
   a - Corona                         Hexes                        1
   b - Sure Blade                     Hexes/Charms                 2
   c - Ensorcelled Hibernation        Hexes/Ice                    2
   d - Confuse                        Hexes                        3
   e - Dazzling Spray                 Conjuration/Hexes            3
   f - Enslavement                    Hexes                        4
 w - Sif Muna's Guide on Conjuration
   (Sif Muna gifted it to you in the Dungeon)

   Spells                             Type                      Level
   a - Magic Dart                     Conjuration                  1
   b - Dazzling Spray                 Conjuration/Hexes            3
   c - Static Discharge               Conjuration/Air              3
   d - Throw Icicle                   Conjuration/Ice              4
   e - Bolt of Draining               Conjuration/Necromancy       5
 A - a book of Air

   Spells                             Type                      Level
   a - Shock                          Conjuration/Air              1
   b - Swiftness                      Charms/Air                   2
   c - Repel Missiles                 Charms/Air                   2
   d - Flight                         Charms/Air                   3
   e - Static Discharge               Conjuration/Air              3
   f - Lightning Bolt                 Conjuration/Air              5
 G - Sif Muna's Catalogue of Confrontation
   (Sif Muna gifted it to you in the Dungeon)

   Spells                             Type                      Level
   a - Throw Frost                    Conjuration/Ice              2
   b - Dazzling Spray                 Conjuration/Hexes            3
   c - Fulminant Prism                Conjuration/Hexes            4
   d - Bolt of Draining               Conjuration/Necromancy       5
   e - Bolt of Cold                   Conjuration/Ice              6
 H - Sif Muna's Guide on Air
   (Sif Muna gifted it to you in the Dungeon)

   Spells                             Type                      Level
   a - Shock                          Conjuration/Air              1
   b - Silence                        Hexes/Air                    5
   c - Tornado                        Air                          9
 I - Sif Muna's Incunabulum of Feathery Protection
   (Sif Muna gifted it to you in the Dungeon)

   Spells                             Type                      Level
   a - Swiftness                      Charms/Air                   2
   b - Ozocubu's Armour               Charms/Ice                   3
   c - Flight                         Charms/Air                   3
   d - Spectral Weapon                Hexes/Charms                 3
   e - Airstrike                      Air                          4
Miscellaneous
 J - a phial of floods
Comestibles
 d - 13 bread rations
 z - 32 fruits


   Skills:
 - Level 1.1 Short Blades
 - Level 16.2 Dodging
 * Level 20.4 Stealth
 + Level 18.5 Spellcasting
 - Level 6.4 Conjurations
 - Level 13.6 Hexes
 - Level 6.7 Charms
 - Level 7.6 Ice Magic
 - Level 8.0 Air Magic


You had 11 spell levels left.
You knew the following spells:

 Your Spells              Type           Power        Failure   Level  Hunger
a - Shock                 Conj/Air       ####         1%          1    None
b - Ensorcelled Hibernat  Hex/Ice        ######       1%          2    None
c - Confuse               Hex            ######..     1%          3    None
d - Sure Blade            Hex/Chrm       ######....   1%          2    None
e - Dazzling Spray        Conj/Hex       ######..     1%          3    None
f - Enslavement           Hex            ######..     1%          4    None
g - Throw Icicle          Conj/Ice       ######..     1%          4    None
h - Lightning Bolt        Conj/Air       ######....   4%          5    None
i - Fulminant Prism       Conj/Hex       ######....   1%          4    None
j - Inner Flame           Hex/Fire       ######..     1%          3    None
k - Mass Confusion        Hex            ######....   1%          6    ####...


Dungeon Overview and Level Annotations

Branches:
Dungeon (1/1)

Altars:
Cheibriados
Dithmenos
Elyvilon
Fedhas
Gozag
Kikubaaqudgha
Makhleb
Nemelex Xobeh
Okawaru
Qazlal
Ru
Sif Muna
Trog
Vehumet
Xom
Yredelemnul
Zin
The Shining One
Beogh
Jiyva
Lugonu

Shops:
D :[}


Innate Abilities, Weirdness & Mutations

You are tiny and cannot use many weapons and most armour.
You have supernaturally acute eyesight.
You are a herbivore.
You cover ground extremely quickly.
You need consume almost no food.


Message History

Aim: a minotaur, wielding a long sword and wearing a chain mail (lightly wounded)
The spray of energy hits the minotaur.
The minotaur is lightly wounded.
The minotaur is dazzled.
Casting: Dazzling Spray
Confirm with . or Enter, or press ? or * to list all spells.
Aiming: Confuse
Press: ? - help, Shift-Dir - straight line, f/p - minotaur
Aim: a minotaur, wielding a long sword and wearing a chain mail (lightly wounded, blind, hasn't noticed you)
The minotaur appears confused.
You hit the minotaur but do no damage.
The minotaur is lightly wounded.
The minotaur hits you with a long sword!!
Ouch! That really hurt!
The minotaur barely misses you.
You barely miss the minotaur.
The minotaur is lightly wounded.
The minotaur hits you with a long sword!!
Ouch! That really hurt!
You die...

......†.††'.........'.†......%'÷.
▓▓▓▓▓▓▓▓▓▓▓▓▓▓▓▓▓▓▓▓▓▓▓▓▓▓▓▓▓▓▓▓▓
..........[......................
▓▓▓▓▓▓▓▓▓▓▓▓▓▓▓▓▓▓▓▓▓▓▓▓▓▓▓▓▓▓▓▓▓
.[.∩.∩)...['.)..).....))').....).
▓▓▓▓▓▓▓▓▓▓▓▓▓▓▓▓▓▓▓▓▓▓▓▓▓▓▓▓▓▓▓▓▓
.................................
▓▓▓▓▓▓▓▓▓▓▓▓▓▓▓▓▓▓▓▓▓▓▓▓▓▓▓▓▓▓▓▓▓
,....§H†)'.:...H@...[[[[[[)(.(().
*▓▓▓▓▓▓▓▓▓▓▓▓▓▓▓▓▓▓▓▓▓▓▓▓▓▓▓▓▓▓▓▓
,,,,,,,,,,,,,,,,,,,,,,,,,,,,,,,,,
*********************************
,,,,,,+,,,≈≈≈,,,+,,,,,,,,,+,,,,,,
*********************************
,,,,,,,,,,,,,,,,,,,,,,,,,,,,,,,,,
*********************************
,,,,,,,,,,,,,,,+,,,,,,,,,,,,,,,,,


You could see a minotaur (confused).

Vanquished Creatures
  Gastronok (D)
  A stone giant (D)
  An ettin (D)
  A yaktaur captain (D)
  Josephine (D)
  A rakshasa (D)
  A hydra (D)
  4 ogre magi (D)
  A tengu warrior (D)
  3 hill giants (D)
  2 orc knights (D)
  Erolcha (D)
  A lindwurm (D)
  A deep troll (D)
  2 manticores (D)
  A griffon (D)
  A gargoyle (D)
  A spiny frog (D)
  9 trolls (D)
  A blink frog (D)
  A deep elf mage (D)
  3 yaks (D)
  A wyvern (D)
  A hippogriff (D)
  3 water moccasins (D)
  3 ice beasts (D)
  A necrophage (D)
  11 orc warriors (D)
  3 sky beasts (D)
  A centaur (D)
  A boring beetle (D)
  2 giant frogs (D)
  3 brain worms (D)
  2 orc priests (D)
  A hound (D)
  An iguana (D)
  An orc wizard (D)
  A sheep (D)
  An adder (D)
  2 river rats (D)
  4 worms (D)
  An adder skeleton (D)
  A giant gecko (D)
  9 orcs (D)
  2 bats (D)
  A bat skeleton (D)
  A bat zombie (D)
  A goblin (D)
  3 hobgoblins (D)
  A quokka (D)
  A giant gecko zombie (D)
  A jackal (D)
  A kobold (D)
105 creatures vanquished.

Vanquished Creatures (others)
  6 fulminant prisms (D)
6 creatures vanquished.

Grand Total: 111 creatures vanquished

Notes
Turn   | Place    | Note
--------------------------------------------------------------
     0 | D        | BluebellGnoll, the Spriggan Enchanter, began the quest for the Orb.
     0 | D        | Reached XP level 1. HP: 9/9 MP: 4/4
     6 | D        | Reached skill level 5 in Stealth
    12 | D        | Reached skill level 6 in Stealth
    21 | D        | Reached skill level 7 in Stealth
   214 | D        | Noticed a hound
   214 | D        | Noticed a water moccasin
   214 | D        | Noticed an ice beast
   214 | D        | Noticed an ice beast
   226 | D        | Killed an ice beast
   226 | D        | Reached skill level 13 in Stealth
   226 | D        | Reached XP level 2. HP: 13/13 MP: 7/7
   226 | D        | Reached XP level 3. HP: 16/16 MP: 9/9
   226 | D        | Reached XP level 4. HP: 20/21 MP: 12/12
   236 | D        | Learned a level 2 spell: Ensorcelled Hibernation
   240 | D        | Learned a level 3 spell: Confuse
   243 | D        | Learned a level 2 spell: Sure Blade
   259 | D        | Killed an ice beast
   259 | D        | Reached skill level 16 in Stealth
   259 | D        | Reached XP level 5. HP: 18/24 MP: 10/14
   267 | D        | Killed a water moccasin
   267 | D        | Reached skill level 18 in Stealth
   267 | D        | Reached XP level 6. HP: 21/28 MP: 6/17
   282 | D        | Killed a hound
   299 | D        | Found a glowing silver altar of Zin.
   299 | D        | Found a glowing golden altar of the Shining One.
   299 | D        | Found an ancient bone altar of Kikubaaqudgha.
   299 | D        | Found a basalt altar of Yredelemnul.
   299 | D        | Found a shimmering altar of Xom.
   299 | D        | Found a radiant altar of Vehumet.
   299 | D        | Found an iron altar of Okawaru.
   300 | D        | Found a burning altar of Makhleb.
   301 | D        | Found a deep blue altar of Sif Muna.
   302 | D        | Found a bloodstained altar of Trog.
   303 | D        | Found a sparkling altar of Nemelex Xobeh.
   304 | D        | Found a white marble altar of Elyvilon.
   305 | D        | Found a roughly hewn altar of Beogh.
   306 | D        | Found a viscous altar of Jiyva.
   307 | D        | Found a corrupted altar of Lugonu.
   308 | D        | Found a blossoming altar of Fedhas.
   309 | D        | Found a snail-covered altar of Cheibriados.
   310 | D        | Became a worshipper of Sif Muna the Loreminder
   311 | D        | Found a shadowy altar of Dithmenos.
   312 | D        | Found a stormy altar of Qazlal.
   313 | D        | Found an opulent altar of Gozag.
   314 | D        | Found a sacrificial altar of Ru.
   379 | D        | Noticed a necrophage
   379 | D        | Noticed a sky beast
   379 | D        | Noticed a sky beast
   394 | D        | Killed a sky beast
   394 | D        | Acquired Sif Muna's first power
   394 | D        | Reached skill level 5 in Spellcasting
   394 | D        | Reached skill level 5 in Hexes
   402 | D        | Killed a sky beast
   402 | D        | Acquired Sif Muna's second power
   407 | D        | Killed a necrophage
   407 | D        | Reached XP level 7. HP: 32/32 MP: 6/25
   427 | D        | Learned a level 3 spell: Dazzling Spray
   432 | D        | Learned a level 4 spell: Enslavement
   511 | D        | Noticed a troll
   511 | D        | Noticed a tengu warrior
   511 | D        | Noticed a sky beast
   511 | D        | Noticed a manticore
   511 | D        | Noticed a troll
   526 | D        | Killed a troll
   526 | D        | Reached skill level 10 in Dodging
   529 | D        | Killed a sky beast
   547 | D        | Killed a tengu warrior
   547 | D        | Reached XP level 8. HP: 36/36 MP: 23/27
   556 | D        | Killed a manticore
   556 | D        | Reached skill level 15 in Dodging
   567 | D        | Killed a troll
   697 | D        | Noticed a water moccasin
   697 | D        | Noticed a hippogriff
   697 | D        | Noticed a spiny frog
   697 | D        | Noticed a yak
   697 | D        | Noticed an iguana
   698 | D        | Noticed a giant frog
   704 | D        | Noticed a yak
   705 | D        | Killed an iguana
   705 | D        | Reached skill level 1 in Conjurations
   715 | D        | Killed a yak
   720 | D        | Killed a spiny frog
   720 | D        | Reached XP level 9. HP: 39/39 MP: 16/28
   725 | D        | Killed a hippogriff
   731 | D        | Killed a water moccasin
   731 | D        | Acquired Sif Muna's third power
   731 | D        | Reached skill level 5 in Conjurations
   733 | D        | Killed a giant frog
   749 | D        | Killed a yak
   869 | D        | Noticed a griffon
   869 | D        | Noticed a blink frog
   869 | D        | Noticed a water moccasin
   869 | D        | Noticed a boring beetle
   869 | D        | Noticed a yak
   870 | D        | Noticed a four-headed hydra
   871 | D        | Killed a yak
   873 | D        | Killed a boring beetle
   881 | D        | Killed a blink frog
   881 | D        | Reached skill level 10 in Hexes
   898 | D        | Killed a water moccasin
   937 | D        | Killed a four-headed hydra
   937 | D        | Reached skill level 5 in Charms
   946 | D        | Killed a griffon
   946 | D        | Received a gift from Sif Muna
   947 | D        | Identified Sif Muna's Guide on Conjuration (Sif Muna gifted it to you in the Dungeon)
   953 | D        | Learned a level 4 spell: Throw Icicle
  1102 | D        | Noticed a lindwurm
  1102 | D        | Noticed a brain worm
  1102 | D        | Noticed a brain worm
  1103 | D        | Noticed a brain worm
  1104 | D        | Killed a brain worm
  1104 | D        | Reached skill level 1 in Ice Magic
  1106 | D        | Killed a brain worm
  1130 | D        | Killed a lindwurm
  1130 | D        | Reached XP level 10. HP: 24/44 MP: 18/29
  1284 | D        | Killed a brain worm
  1335 | D        | Noticed Erolcha
  1346 | D        | Killed Erolcha
  1346 | D        | Received a gift from Sif Muna
  1366 | D        | Learned a level 1 spell: Shock
  1420 | D        | Noticed an orc priest
  1420 | D        | Noticed an orc warrior
  1420 | D        | Noticed an orc wizard
  1420 | D        | Noticed an ettin
  1420 | D        | Noticed an orc warrior
  1427 | D        | Noticed an orc priest
  1427 | D        | Killed an orc wizard
  1428 | D        | Killed an orc priest
  1429 | D        | Killed an orc priest
  1429 | D        | Reached skill level 1 in Air Magic
  1430 | D        | Killed an orc warrior
  1450 | D        | Killed an orc warrior
  1453 | D        | Killed an ettin
  1457 | D        | Noticed an orc warrior
  1467 | D        | Killed an orc warrior
  1613 | D        | Noticed an orc warrior
  1613 | D        | Noticed an orc warrior
  1613 | D        | Noticed an orc warrior
  1613 | D        | Noticed an orc warrior
  1613 | D        | Noticed an orc warrior
  1613 | D        | Noticed an orc knight
  1615 | D        | Noticed an orc warrior
  1643 | D        | Killed an orc warrior
  1655 | D        | Killed an orc warrior
  1710 | D        | Killed an orc knight
  1710 | D        | Received a gift from Sif Muna
  1710 | D        | Reached skill level 5 in Air Magic
  1713 | D        | Identified Brenner's Almanac of Curses (Sif Muna gifted it to you in the Dungeon)
  1718 | D        | Killed an orc warrior
  1729 | D        | Killed an orc warrior
  1731 | D        | Killed an orc warrior
  1758 | D        | Killed an orc warrior
  1857 | D        | Noticed an orc warrior
  1867 | D        | Killed an orc warrior
  1906 | D        | Noticed an orc knight
  1908 | D        | Noticed an orc warrior
  1915 | D        | Killed an orc knight
  1915 | D        | Reached skill level 10 in Spellcasting
  1917 | D        | Killed an orc warrior
  1980 | D        | Learned a level 5 spell: Lightning Bolt
  1981 | D        | Found Phumakhla's Gadget Boutique.
  1981 | D        | Noticed a troll
  1981 | D        | Noticed an ogre mage
  1981 | D        | Noticed a troll
  1981 | D        | Noticed a hill giant
  1981 | D        | Noticed an ogre mage
  1981 | D        | Noticed an ogre mage
  1983 | D        | Noticed a deep troll
  2015 | D        | Killed an ogre mage
  2015 | D        | Received a gift from Sif Muna
  2016 | D        | Identified Sif Muna's Catalogue of Confrontation (Sif Muna gifted it to you in the Dungeon)
  2022 | D        | Learned a level 4 spell: Fulminant Prism
  2091 | D        | Killed a hill giant
  2091 | D        | Reached XP level 11. HP: 47/47 MP: 33/33
  2096 | D        | Killed an ogre mage
  2108 | D        | Killed an ogre mage
  2161 | D        | Killed a troll
  2178 | D        | Found Sael's Antique Armour Shop.
  2180 | D        | Found Arrushro's Magic Scroll Boutique.
  2183 | D        | Noticed a troll
  2184 | D        | Killed a deep troll
  2184 | D        | Received a gift from Sif Muna
  2185 | D        | Identified Sif Muna's Guide on Air (Sif Muna gifted it to you in the Dungeon)
  2188 | D        | Found Edal's Book Shop.
  2189 | D        | Killed a troll
  2191 | D        | Noticed a troll
  2194 | D        | Noticed a hill giant
  2195 | D        | Noticed a troll
  2196 | D        | Noticed an ogre mage
  2197 | D        | Noticed a troll
  2199 | D        | Killed a troll
  2208 | D        | Killed a troll
  2213 | D        | Killed a hill giant
  2222 | D        | Killed a troll
  2228 | D        | Killed a troll
  2228 | D        | Received a gift from Sif Muna
  2228 | D        | Reached skill level 15 in Spellcasting
  2240 | D        | Killed an ogre mage
  2247 | D        | Identified Sif Muna's Incunabulum of Feathery Protection (Sif Muna gifted it to you in the Dungeon)
  2293 | D        | Bought a phial of floods for 400 gold pieces
  2296 | D        | Bought an embroidered robe for 16 gold pieces
  2299 | D        | Bought a scroll of magic mapping for 38 gold pieces
  2301 | D        | Bought a scroll of remove curse for 33 gold pieces
  2301 | D        | Bought a scroll of enchant armour for 82 gold pieces
  2301 | D        | Bought a scroll of identify for 22 gold pieces
  2301 | D        | Bought a scroll of identify for 22 gold pieces
  2301 | D        | Bought a scroll of enchant armour for 82 gold pieces
  2301 | D        | Bought a scroll of remove curse for 33 gold pieces
  2301 | D        | Bought 2 scrolls of identify for 44 gold pieces
  2301 | D        | Bought a scroll of identify for 22 gold pieces
  2301 | D        | Bought a scroll of fear for 38 gold pieces
  2301 | D        | Bought a scroll of random uselessness for 11 gold pieces
  2310 | D        | Bought a wand of hasting (7) for 660 gold pieces
  2310 | D        | Bought a wand of fireball (3) for 140 gold pieces
  2371 | D        | Learned a level 3 spell: Inner Flame
  2374 | D        | Learned a level 2 spell: Repel Missiles
  2393 | D        | Noticed Gastronok
  2418 | D        | Noticed Josephine
  2443 | D        | Killed Gastronok
  2443 | D        | Reached skill level 19 in Stealth
  2555 | D        | Killed Josephine
  2734 | D        | Learned a level 6 spell: Mass Confusion
  2735 | D        | Noticed a centaur
  2735 | D        | Noticed a gargoyle
  2735 | D        | Noticed a deep elf mage
  2735 | D        | Noticed a manticore
  2735 | D        | Noticed a giant frog
  2735 | D        | Noticed a troll
  2735 | D        | Noticed a wyvern
  2736 | D        | Killed a giant frog
  2741 | D        | Killed a troll
  2760 | D        | Noticed a hill giant
  2768 | D        | Killed a wyvern
  2768 | D        | Killed a manticore
  2768 | D        | Received a gift from Sif Muna
  2768 | D        | Killed a centaur
  2770 | D        | Noticed a yaktaur captain
  2771 | D        | Noticed a stone giant
  2771 | D        | Noticed a rakshasa
  2773 | D        | Killed a deep elf mage
  2774 | D        | Noticed a minotaur
  2776 | D        | Killed a gargoyle
  2829 | D        | Killed a rakshasa
  2840 | D        | Killed a hill giant
  3046 | D        | Killed a yaktaur captain
  3046 | D        | Reached skill level 20 in Stealth
  3046 | D        | Reached XP level 12. HP: 51/51 MP: 23/38
  3055 | D        | Killed a stone giant
  3188 | D        | Noticed a wizard
  3317 | D        | Mangled by a minotaur

Action                   |  1- 3 |  4- 6 |  7- 9 | 10-12 || total
-------------------------+-------+-------+-------+-------++-------
Melee: Dagger            |    26 |    13 |       |       ||    39
       Rapier            |       |     6 |    44 |    71 ||   121
 Cast: Confuse           |       |     4 |    12 |    37 ||    53
       Ensorcelled Hiber |       |     4 |    22 |    15 ||    41
       Dazzling Spray    |       |       |     2 |    22 ||    24
       Sure Blade        |       |       |     1 |     3 ||     4
       Shock             |       |       |       |     8 ||     8
       Throw Icicle      |       |       |       |     9 ||     9
       Fulminant Prism   |       |       |       |     6 ||     6
       Lightning Bolt    |       |       |       |     2 ||     2
       Mass Confusion    |       |       |       |     1 ||     1
       Repel Missiles    |       |       |       |     1 ||     1
       Inner Flame       |       |       |       |     1 ||     1
Invok: Forget Spell      |       |       |       |     2 ||     2
       Channel Energy    |       |       |       |     2 ||     2
Evoke: Wand              |       |     1 |       |       ||     1
  Use: Potion            |     2 |       |       |       ||     2
       Scroll            |       |       |       |     1 ||     1
 Stab: Confused          |       |     4 |     5 |     7 ||    16
       Sleeping          |       |     4 |    18 |    19 ||    41
       Invisible         |       |       |     1 |     3 ||     4
  Eat: Fruit             |       |       |       |     8 ||     8
